[Event "*** Titled Tuesday Blitz"]
[Site "Chess.com"]
[Date "2021.04.20"]
[Round "9"]
[White "Anna_ChessMate"]
[Black "Rodalquilar"]
[Result "0-1"]
[WhiteElo "2587"]
[BlackElo "2739"]
[TimeControl "180+1"]
[EndTime "11:44:51 PDT"]
[Termination "Rodalquilar won by checkmate"]

1. d4 d5 2. c4 e6 3. Nf3 Nf6 4. Nc3 a6 5. cxd5 exd5 6. Bg5 Be6 7. e3 Nbd7 8. Bd3 Bd6 9. O-O c6 10.
Qc2 Qc7 11. Rfe1 h6 12. Bh4 O-O 13. Bg3 Bxg3 14. hxg3 Rfc8 15. Bf5 Re8 16. Bxe6 Rxe6 17. Rac1 Rae8 18. b4 Qd6 19. a4 b5 20. axb5 axb5 21. Na2 Ne4 22. Ra1 Nb6 23. Reb1 Nc4 24. Nc3 Nxg3 25.
fxg3 Nxe3 26. Qd2 Qxg3 27. Qf2 Qf4 28. Ne2 Qe4 29. Rb2 Rg6 30. Nh4 Rg4 31. g3 Re6 32. Ra8+ Kh7 33. Qxf7 Rxh4 34. Nf4 Rh1+ 35. Kf2 Ng4# 0-1

[Event "*** Titled Tuesday Blitz"]
[Site "Chess.com"]
[Date "2021.04.20"]
[Round "9"]
[White "lacafi"]
[Black "narutosmith"]
[Result "0-1"]
[WhiteElo "2217"]
[BlackElo "2337"]
[TimeControl "180+1"]
[EndTime "11:44:51 PDT"]
[Termination "narutosmith won on time"]

1. d4 Nf6 2. Nf3 e6 3. e3 c5 4. Bd3 b6 5. Nbd2 Bb7 6. Qe2 Be7 7. O-O O-O 8. c3 cxd4 9. exd4 d6 10. Re1 Nbd7 11.
Ng5 Re8 12. Ndf3 h6 13. Nxe6 fxe6 14. Qxe6+ Kh8 15. Nh4 Nf8 16. Qf7 Bd5 17. Ng6+ Nxg6 18. Qxg6 Bg8 19. Bxh6 gxh6 20. Qxh6+ Bh7 21. Re6 Bf8 22.
Rxe8 Qxe8 23. Qxf6+ Bg7 24. Qh4 Qg8 25. Re1 Rf8 26. Re7 Rf6 27. Qxh7+ Qxh7 28. Bxh7 Kxh7 29.
Rxa7 Re6 30. g3 Re2 31. b3 Rc2 32. Rb7 Rxc3 33. Rxb6 d5 34. Rd6 Bxd4 35. Rxd5 Bc5 36.
a4 Rc2 37. Rf5 Kg6 38. g4 Bb6 39. h4 Rb2 0-1

[Event "*** Titled Tuesday Blitz"]
[Site "Chess.com"]
[Date "2021.04.20"]
[Round "9"]
[White "Grandmaster2B"]
[Black "TeukkaSalama"]
[Result "0-1"]
[WhiteElo "2522"]
[BlackElo "2388"]
[TimeControl "180+1"]
[EndTime "11:44:53 PDT"]
[Termination "TeukkaSalama won by resignation"]

1. e4 c6 2. d4 d5 3. exd5 cxd5 4. Bd3 Nc6 5. c3 Qc7 6. h3 g6 7. Nf3 Bf5 8. O-O Bxd3 9. Qxd3 Bg7 10. Qd1 Nf6 11. Ne1 O-O 12. Nd3 b5 13. Bf4 Qb6 14.
Nd2 a5 15. Nb3 b4 16. Nbc5 Rfd8 17. Re1 e6 18. Bg5 h6 19. Bh4 g5 20. Bg3 Nd7 21.
Nxd7 Rxd7 22. Nc5 Rdd8 23. Qe2 a4 24. h4 a3 25. hxg5 hxg5 26. Nxe6 fxe6 27. Qxe6+ Kh8 28. Bc7 Qxc7 29. Re3 g4 30. bxa3 Qd7 31. Qg6 bxc3 32. Rxc3 Nxd4 33. Re1 Qf5 34. Qb6 Rf8 35. f4 gxf3 36. Rf1 f2+ 37. Kh1 Rf6 38. Qb4 Rh6+ 0-1

[Event "*** Titled Tuesday Blitz"]
[Site "Chess.com"]
[Date "2021.04.20"]
[Round "9"]
[White "rasmussvane"]
[Black "mishanick"]
[Result "1-0"]
[WhiteElo "2899"]
[BlackElo "2969"]
[TimeControl "180+1"]
[EndTime "11:44:55 PDT"]
[Termination "rasmussvane won by resignation"]

1. Nf3 d5 2. g3 Nf6 3. Bg2 g6 4.
c4 c6 5. Qb3 Bg7 6. O-O O-O 7.
d4 Qb6 8. Nc3 dxc4 9. Qxc4 Bf5 10. Re1 Ne4 11. Qb3 Nd7 12. Nh4 Nxc3 13. bxc3 Be6 14.
Qc2 Bc4 15. a4 e5 16. e3 a5 17. Nf3 Rfe8 18. Ba3 Qc7 19. Nd2 Be6 20. Ne4 Bf5 21. Qb3 exd4 22. exd4 Be6 23. Qc2 Bf5 24. Qb3 Be6 25.
Qc2 Bd5 26. Nd6 Rxe1+ 27. Rxe1 Bxg2 28. Kxg2 Nf6 29. Nc4 b5 30. Ne3 Qb7 31. Bc5 Nd7 32.
Bd6 b4 33. cxb4 axb4 34. Qb3 Bxd4 35. Ng4 c5+ 36. f3 Bf6 37. Nh6+ Kg7 38. Qxf7+ Kxh6 39. Bf4+ g5 40. Re6 gxf4 41. Rxf6+ Nxf6 42. Qxf6+ 1-0

[Event "*** Titled Tuesday Blitz"]
[Site "Chess.com"]
[Date "2021.04.20"]
[Round "9"]
[White "attack2mateU"]
[Black "dropstoneDP"]
[Result "1-0"]
[WhiteElo "2720"]
[BlackElo "2918"]
[TimeControl "180+1"]
[EndTime "11:44:55 PDT"]
[Termination "attack2mateU won by checkmate"]

1. e4 c6 2. Nc3 d5 3. Nf3 Bg4 4. h3 Bxf3 5. Qxf3 e6 6. Be2 Nd7 7. d4 g6 8. Be3 Bg7 9. O-O-O Ne7 10. g4 Qa5 11. Kb1 a6 12. h4 b5 13. exd5 cxd5 14. Bd3 Nc6 15. Ne2 Nb4 16. Nc1 h6 17. Bd2 Qa4 18. Bxb4 Qxb4 19. Ne2 Nb6 20. h5 g5 21. Qe3 Na4 22. Qc1 Rc8 23. Ka1 O-O 24.
f4 gxf4 25. g5 hxg5 26. h6 Bf6 27. c3 Qd6 28. Rdg1 Kh8 29. Bb1 Bd8 30. Rh5 Rc7 31. Rhxg5 Bxg5 32. Rxg5 f5 33. Nxf4 Kh7 34. Qg1 Qxf4 35.
Rg7+ Kh8 36. Qg6 Nxc3 37. Qh7# 1-0

[Event "*** Titled Tuesday Blitz"]
[Site "Chess.com"]
[Date "2021.04.20"]
[Round "9"]
[White "JoseRemolar"]
[Black "ErikBlomqvist"]
[Result "0-1"]
[WhiteElo "2426"]
[BlackElo "2572"]
[TimeControl "180+1"]
[EndTime "11:44:55 PDT"]
[Termination "ErikBlomqvist won on time"]

1. d4 Nf6 2. c4 e6 3. Nf3 Bb4+ 4. Nbd2 O-O 5. a3 Be7 6. e4 d6 7.
Bd3 e5 8. O-O exd4 9. Nxd4 Nfd7 10. Bc2 Bf6 11. N2f3 Re8 12. Re1 Nc6 13. Rb1 Nxd4 14.
Nxd4 Ne5 15. b3 c6 16. Bf4 Qb6 17. Nf5 Bxf5 18. exf5 Rad8 19. Qh5 d5 20. cxd5 cxd5 21. Re2 d4 22. Bxe5 Rxe5 23. Rxe5 Bxe5 24. f6 Qxf6 25. Qxh7+ Kf8 26. Qd3 Rc8 27. Rd1 Rc3 28. Qe4 Qf4 29. g3 Qxe4 30. Bxe4 Rxb3 31. Re1 Bf6 32. a4 b6 33. Bc6 g6 34. Re8+ Kg7 35. Ra8 d3 0-1

[Event "*** Titled Tuesday Blitz"]
[Site "Chess.com"]
[Date "2021.04.20"]
[Round "9"]
[White "Didici"]
[Black "TimofeevAr"]
[Result "0-1"]
[WhiteElo "2596"]
[BlackElo "2816"]
[TimeControl "180+1"]
[EndTime "11:44:56 PDT"]
[Termination "TimofeevAr won by resignation"]

1. d4 Nf6 2. c4 b6 3. Nc3 Bb7 4. Qc2 d5 5. cxd5 Nxd5 6. Nf3 e6 7. e4 Nxc3 8. bxc3 Be7 9. Bd3 O-O 10.
O-O c5 11. Qe2 Nc6 12. Bb2 Rc8 13. a3 Na5 14. Rad1 Qc7 15. Rfe1 Rfd8 16. h4 h6 17. Bc1 Nb3 18. Bb2 Bf6 19. Bc2 Na5 20. Bd3 Qf4 21. g3 Qg4 22. Kg2 Be7 23. Ne5 Qxe2 24. Bxe2 cxd4 25. cxd4 Rc2 26. Bc1 Nb3 27. Bf3 Nxd4 28. Be3 Nxf3 29. Rxd8+ Bxd8 30. Kxf3 f5 31. Bd4 Bxe4+ 32. Ke3 Be7 33. Ra1 Bd5 34. a4 Bc5 35. Bxc5 Rxc5 36. h5 Rc3+ 37. Kd4 Rc2 38. Kd3 Rxf2 39. Rc1 Be4+ 40. Ke3 Rc2 41. Rd1 Bd5 42.
g4 fxg4 43. Rf1 g3 44. Ng6 Rf2 45. Rc1 Kf7 46. Ne5+ Ke7 47. Ng6+ Kd6 48. Rc8 Rf3+ 49. Ke2 g2 50. Nh4 Rg3 51. Nxg2 Rxg2+ 52. Ke3 Rg4 0-1

[Event "*** Titled Tuesday Blitz"]
[Site "Chess.com"]
[Date "2021.04.20"]
[Round "9"]
[White "adnan_nn"]
[Black "guillembaches"]
[Result "1-0"]
[WhiteElo "2661"]
[BlackElo "2518"]
[TimeControl "180+1"]
[EndTime "11:44:56 PDT"]
[Termination "adnan_nn won on time"]

1. e4 c5 2. b4 b6 3. bxc5 bxc5 4. Nc3 Nc6 5. Rb1 g6 6. Nf3 Bg7 7. Bb5 Nd4 8. Bc4 e6 9. e5 Ne7 10. Ne4 O-O 11. Nf6+ Bxf6 12. exf6 Nec6 13. Nxd4 Nxd4 14. c3 d5 15. Bd3 Nf5 16. g4 Nh4 17. g5 e5 18. f3 e4 19. fxe4 dxe4 20. Bxe4 Re8 21. d3 Bf5 22. O-O Bxe4 23. dxe4 Qc8 24. Rf4 Qh3 25. Qf1 Qxf1+ 26. Kxf1 Rad8 27. Rxh4 Rd1+ 28. Ke2 Red8 29. Rh3 h5 30. gxh6 Kh7 31. e5 Rh1 32. e6 fxe6 33. Rb7+ Kh8 34. Bf4 Ra1 35. Be5 Rxa2+ 36. Ke3 c4 37. f7+ 1-0

[Event "*** Titled Tuesday Blitz"]
[Site "Chess.com"]
[Date "2021.04.20"]
[Round "9"]
[White "albi1999"]
[Black "AwareIdea"]
[Result "0-1"]
[WhiteElo "2594"]
[BlackElo "2488"]
[TimeControl "180+1"]
[EndTime "11:44:56 PDT"]
[Termination "AwareIdea won on time"]

1. d4 d5 2. c4 e6 3. Nf3 Nf6 4.
g3 dxc4 5. Bg2 Be7 6. Qa4+ Nbd7 7. Qxc4 a6 8. Qc2 O-O 9. O-O c5 10. Rd1 cxd4 11. Nxd4 Qa5 12. Nc3 Nb6 13. Bf4 Nbd5 14.
Nb3 Qb4 15. Nxd5 Nxd5 16. Bd2 Qb6 17. Ba5 Qa7 18. e4 Nf6 19. Qc7 Re8 20. Rac1 b5 21.
e5 Nd5 22. Rxd5 exd5 23. Bxd5 Be6 24. Bxa8 Qxa8 25. Qc6 Qb8 26. Bc7 Qc8 27. Bd6 Bg5 28.
Qxc8 Rxc8 29. Rxc8+ Bxc8 30. f4 Bd8 31. Kf2 Be6 32.
Ke3 Bb6+ 33. Ke4 g6 34. Kd3 Bg1 35. h4 Bh2 36. Nc5 Bc8 37. Ke4 Bxg3 38. h5 Bf2 39. hxg6 hxg6 0-1

[Event "*** Titled Tuesday Blitz"]
[Site "Chess.com"]
[Date "2021.04.20"]
[Round "9"]
[White "Aslanov_Umid"]
[Black "ybruned"]
[Result "0-1"]
[WhiteElo "2449"]
[BlackElo "2333"]
[TimeControl "180+1"]
[EndTime "11:44:56 PDT"]
[Termination "ybruned won by resignation"]

1. e4 b6 2. d4 Bb7 3. Nc3 e6 4.
Nf3 Bb4 5. Bd3 Nf6 6. e5 Nd5 7. Bd2 Nxc3 8. bxc3 Be7 9. O-O d6 10. Qe2 Nd7 11. exd6 cxd6 12. Be4 Bxe4 13. Qxe4 d5 14. Qg4 O-O 15. Rfe1 Nf6 16. Qf4 Ne4 17. c4 Nxd2 18.
Qxd2 dxc4 19. Ne5 Rc8 20. Qf4 Bd6 21. Qg4 Bxe5 22. Rxe5 Qf6 23. Rae1 h6 24. c3 Rfd8 25. R1e3 Rc6 26. Rg3 Rcd6 27. h3 Rd5 28. Rxd5 Rxd5 29. Qe2 b5 30. a4 a6 31. axb5 axb5 32. Rf3 Qg6 33. Rg3 Qb1+ 34. Kh2 Qf5 35. Rf3 Qg5 36. Qa2 Rf5 37. Rg3 Qf6 38. Qa8+ Kh7 39. f3 g6 40. Qb7 h5 41. Qc7 Qh4 42. Qd7 Qf4 43. h4 Qxh4+ 44.
Rh3 Qf4+ 45. Kg1 Qc1+ 46. Kh2 Qxc3 47. g3 Qd2+ 48. Kg1 Qd1+ 49. Kg2 Qxf3+ 50. Kh2 0-1

[Event "*** Titled Tuesday Blitz"]
[Site "Chess.com"]
[Date "2021.04.20"]
[Round "9"]
[White "ferch1ni"]
[Black "enriquebutti"]
[Result "1-0"]
[WhiteElo "2382"]
[BlackElo "2085"]
[TimeControl "180+1"]
[EndTime "11:44:57 PDT"]
[Termination "ferch1ni won on time"]

1. e4 c5 2. Nf3 d6 3. d4 cxd4 4. Nxd4 Nf6 5. Nc3 a6 6. Be2 e6 7. O-O Be7 8. Be3 O-O 9. Qd2 Qc7 10. f3 b5 11. a4 b4 12. Na2 d5 13. exd5 Nxd5 14. Bf2 Bb7 15. Rac1 Nd7 16. c4 bxc3 17.
Nxc3 Nxc3 18. Qxc3 Qxc3 19. Rxc3 Rfc8 20. Rfc1 Bf6 21.
Rc7 Nf8 22. b4 Ng6 23. b5 axb5 24. axb5 Nf4 25. Bf1 Nd5 26. Rxc8+ Rxc8 27. Rxc8+ Bxc8 28. Bd3 Nb4 29. Be2 Nd5 30. Nc6 Bb7 31. Na5 Ba8 32. b6 Bc3 33. b7 Bxb7 34. Nxb7 Kf8 35. Nd6 1-0

[Event "*** Titled Tuesday Blitz"]
[Site "Chess.com"]
[Date "2021.04.20"]
[Round "9"]
[White "amintabatabaei"]
[Black "Zhigalko_Sergei"]
[Result "0-1"]
[WhiteElo "2994"]
[BlackElo "2939"]
[TimeControl "180+1"]
[EndTime "11:44:58 PDT"]
[Termination "Zhigalko_Sergei won by resignation"]

1. d4 Nf6 2. Nf3 e6 3. e3 b6 4. Bd3 Bb7 5. O-O d5 6. b3 Bd6 7. Bb2 O-O 8. Nbd2 Nbd7 9. c4 Qe7 10. Rc1 Ne4 11. Qc2 f5 12. cxd5 exd5 13. Rfd1 Rac8 14.
g3 Ndf6 15. Ne5 c5 16. Qb1 Bxe5 17. dxe5 Ng4 18. Nf3 Ngxf2 19. Rf1 Nh3+ 20. Kg2 Nhg5 21. Bxe4 fxe4 22. Nxg5 Qxg5 23. Rf4 d4 24. Rcf1 Qxe5 25. Qc2 Rxf4 26. Rxf4 Qd5 27. Qf2 h6 28. h4 Rd8 29. Kh2 Qe6 30. Qe2 dxe3 31. Qxe3 Rd3 32. Qf2 e3 33. Rf8+ Kh7 34. Qf7 Rd2+ 35. Kg1 Qxf7 36. Rxf7 Rxb2 37. Rxb7 Rb1+ 0-1

[Event "*** Titled Tuesday Blitz"]
[Site "Chess.com"]
[Date "2021.04.20"]
[Round "9"]
[White "ecwinslow"]
[Black "WinstonSilvakov"]
[Result "0-1"]
[WhiteElo "2233"]
[BlackElo "2092"]
[TimeControl "180+1"]
[EndTime "11:45:00 PDT"]
[Termination "WinstonSilvakov won on time"]

1. e4 Nf6 2. e5 Nd5 3. d4 d6 4. Nf3 Nb6 5. a4 a5 6. h3 g6 7.
Bf4 Bg7 8. Nc3 Nc6 9. Bb5 O-O 10.
Bh6 dxe5 11. Bxg7 Kxg7 12. dxe5 Bf5 13. Qe2 Nd4 14. Nxd4 Qxd4 15. O-O c6 16. Bd3 Bxd3 17. cxd3 Rad8 18. Rad1 e6 19. Kh1 Nd5 20. Ne4 Qxe5 21. d4 Qc7 22. g3 Qe7 23. b3 Nf6 24. Ng5 h6 25. Nf3 Rd5 26. Rfe1 Rfd8 27. Qc4 Nd7 28. Qc3 Qd6 29. Rd2 f6 30. Rde2 Nf8 31. Kg2 Rf5 32. Kh2 c5 33. Re4 Rd5 34. dxc5 Rxc5 35. Qe3 e5 36. h4 Rd5 37. h5 Rd3 38. Qe2 g5 39. Kg1 Ne6 40. Nh2 Rxb3 41. Ng4 Qd3 42. Rxe5 Qxe2 43.
R5xe2 Nd4 44. Re7+ Kf8 45. Nxf6 Nf3+ 46. Kh1 Nxe1 47.
Rxb7 Rd1 0-1

[Event "*** Titled Tuesday Blitz"]
[Site "Chess.com"]
[Date "2021.04.20"]
[Round "9"]
[White "anon569"]
[Black "BL4D3RUNN3R"]
[Result "1/2-1/2"]
[WhiteElo "2223"]
[BlackElo "2115"]
[TimeControl "180+1"]
[EndTime "11:45:01 PDT"]
[Termination "Game drawn by repetition"]

1. e4 c6 2. d4 d5 3. Nd2 dxe4 4. Nxe4 Nf6 5. Nxf6+ exf6 6. Be3 Bd6 7. Nf3 O-O 8. Qd2 Be6 9. Bd3 Re8 10. h3 Nd7 11. O-O Nf8 12. c4 Ng6 13. Rfd1 Qd7 14. Bf1 Rad8 15.
d5 cxd5 16. cxd5 Bf5 17. Bxa7 Be4 18. Nd4 Bxd5 19. Bb6 Bc7 20. Bb5 Bc6 21. Nxc6 Qxd2 22. Nxd8 Qxb2 23. Rab1 Qe5 24. Bxe8 Qh2+ 25. Kf1 Nf4 26. Ke1 Bxb6 27. Bxf7+ Kf8 28. Rxb6 Qxg2 29. Ne6+ Nxe6 30. Bxe6 Qe4+ 31. Kf1 Ke7 32. Rbd6 Qh1+ 33. Ke2 Qe4+ 34. Kf1 Qh1+ 35. Ke2 Qe4+ 36. Kf1 1/2-1/2

[Event "*** Titled Tuesday Blitz"]
[Site "Chess.com"]
[Date "2021.04.20"]
[Round "9"]
[White "mjray79"]
[Black "Zmof"]
[Result "1-0"]
[WhiteElo "2439"]
[BlackElo "2248"]
[TimeControl "180+1"]
[EndTime "11:45:02 PDT"]
[Termination "mjray79 won on time"]

1. d4 f5 2. Nc3 Nf6 3. Bg5 d5 4. Bxf6 exf6 5. e3 c6 6. Bd3 Na6 7. a3 Nc7 8. Qf3 g6 9. Nge2 Ne6 10. h4 h5 11. Nf4 Nxf4 12. exf4 Bd6 13. O-O-O Kf7 14.
Rhe1 Qc7 15. g3 Bd7 16. Kb1 Rae8 17. Na4 b5 18. Nc5 Bxc5 19. dxc5 Rxe1 20. Rxe1 Re8 21.
Rd1 Bc8 22. Bf1 Re4 23. Qc3 Qe7 24. Bd3 Re6 25. Qb4 Qc7 26. Re1 a5 27. Qc3 a4 28.
Rxe6 Bxe6 29. Qe1 Qe7 30. Qa5 Kg7 31. Qb6 Qd7 32. Bxb5 cxb5 33. c6 Qc8 34. Qb7+ Kf8 35. Qxb5 d4 36. Qxa4 Qc7 37. Qb4+ Ke8 38. Qc5 Bc8 39.
a4 Ba6 40. b4 d3 41. cxd3 Bxd3+ 42. Kb2 Be4 43. b5 Qa5 44. Kb3 Qd2 45. c7 Qd3+ 46. Kb4 Qd2+ 47. Qc3 Qd6+ 48. Ka5 Bb7 49. c8=Q+ Bxc8 50. Qxc8+ Ke7 51. Qb7+ Kf8 52. Qc6 Qd2+ 53. Ka6 Qxf2 54.
b6 Qe2+ 55. Ka7 1-0

[Event "*** Titled Tuesday Blitz"]
[Site "Chess.com"]
[Date "2021.04.20"]
[Round "9"]
[White "SmoothAsAHedgehog"]
[Black "dmitrijiIM"]
[Result "1-0"]
[WhiteElo "2681"]
[BlackElo "2545"]
[TimeControl "180+1"]
[EndTime "11:45:03 PDT"]
[Termination "SmoothAsAHedgehog won by resignation"]

1. e4 e5 2. Nf3 Nc6 3. Bc4 Nf6 4. d3 Bc5 5. c3 O-O 6. Nbd2 d5 7. Bb3 Bg4 8. h3 Bh5 9. O-O a5 10. Qe2 Re8 11. Re1 a4 12. Bc2 a3 13. b4 Bb6 14.
b5 Na7 15. g4 Bg6 16. Rb1 Nc8 17. c4 dxe4 18. dxe4 Nd6 19. Kg2 Qe7 20. Nh4 Qe6 21. Nf5 Nd7 22. Rb3 Bc5 23. Rf3 Nb6 24. Bb3 Rad8 25. h4 h5 26. Rg3 hxg4 27. Qxg4 Nxf5 28. exf5 Qxf5 29. Qxf5 Bxf5 30. Ne4 Bxe4+ 31. Rxe4 f6 32.
h5 Kf7 33. Bc2 Rg8 34. Reg4 Nd7 35. Bg6+ Ke7 36. Bf5 Kf7 37. Bxa3 Bxa3 38. Rxa3 Nc5 39. Rag3 Ne6 40. Bxe6+ Kxe6 41. Rxg7 Rxg7 42. Rxg7 Rh8 43. Rxc7 Rxh5 44. Rxb7 Kd6 45. Rb6+ Kc5 46. Rc6+ Kb4 47. b6 Rh8 48. c5 Kb5 49. Rc7 Ra8 50. b7 Rc8 51.
bxc8=Q 1-0

[Event "*** Titled Tuesday Blitz"]
[Site "Chess.com"]
[Date "2021.04.20"]
[Round "9"]
[White "DeTimmerman"]
[Black "GMRafpig"]
[Result "0-1"]
[WhiteElo "2812"]
[BlackElo "2715"]
[TimeControl "180+1"]
[EndTime "11:45:04 PDT"]
[Termination "GMRafpig won by checkmate"]

1. b4 e5 2. Bb2 Bxb4 3. Bxe5 Nf6 4. Nc3 Be7 5. e3 Nc6 6. Bg3 O-O 7. Nf3 d5 8. Be2 Ne4 9. Nxe4 dxe4 10. Ne5 Nxe5 11.
Bxe5 Be6 12. O-O Bd6 13. Bb2 Qg5 14. f4 exf3 15. Bxf3 Rad8 16. g3 h5 17. Kh1 h4 18.
gxh4 Qxh4 19. Qe2 f6 20. Rg1 Be5 21. c3 Rd7 22. Rg2 Bh3 23. Rgg1 Be6 24. d4 Bd6 25. e4 Re7 26. Bg4 Bd5 27. Bf3 Rxe4 28. Qg2 Rf7 29. Ba3 Bxa3 30. c4 Rg4 31. Bxd5 Rxg2 32.
Rxg2 c6 33. Bxf7+ Kxf7 34. Rd1 Bd6 35. d5 cxd5 36. cxd5 Qe4 37. a4 f5 38. a5 g5 39. a6 bxa6 40. Rc1 g4 41. Rc6 Qe1+ 42. Rg1 Qe4+ 43. Rg2 Qxd5 44. Rxa6 Qd1+ 45. Rg1 Qf3+ 46. Rg2 Bc5 47. Ra1 Kg6 48. Rc1 Bb6 49. Re1 Kg5 50.
Rb1 Kh4 51. Rc1 Kh3 52. Rc3 Qxc3 53. Rg3+ Qxg3 54. hxg3 f4 55. gxf4 g3 56. f5 g2# 0-1

[Event "*** Titled Tuesday Blitz"]
[Site "Chess.com"]
[Date "2021.04.20"]
[Round "9"]
[White "shineatchess"]
[Black "The_filthy"]
[Result "0-1"]
[WhiteElo "2234"]
[BlackElo "2424"]
[TimeControl "180+1"]
[EndTime "11:45:04 PDT"]
[Termination "The_filthy won by resignation"]

1. b3 d6 2. f4 e5 3. fxe5 dxe5 4.
Bb2 Nc6 5. g3 h5 6. Bg2 h4 7. Nc3 hxg3 8. hxg3 Rxh1 9. Bxh1 Qg5 10. Kf2 Bd7 11. e3 O-O-O 12. Qe2 Nf6 13. Bf3 Bd6 14.
Rf1 e4 15. Nxe4 Nxe4+ 16. Ke1 Nxg3 17. Qg2 Qh4 18. Rf2 Nf5 19. Kd1 Qg3 20. Qf1 Ne5 21.
Bd5 g6 22. Ne2 Qh4 23. Bxf7 Nxf7 24. c4 Bc5 25. Kc2 Bc6 26. Rf4 Qe7 27. a3 Bxa3 28. Bxa3 Qxa3 29. Nc3 Qd6 30. Rf2 a6 31. Qe2 Ne5 32.
d4 Nf7 33. Qd2 Ng5 34. Re2 Ne4 35. Nxe4 Bxe4+ 36. Kb2 c5 37. d5 Qe5+ 38. Ka2 Nd6 39. Rf2 Bf5 40. Qe2 Ne4 41. Rh2 Nc3+ 0-1

[Event "*** Titled Tuesday Blitz"]
[Site "Chess.com"]
[Date "2021.04.20"]
[Round "9"]
[White "jamalm2"]
[Black "Klavdia_Nik"]
[Result "0-1"]
[WhiteElo "2026"]
[BlackElo "2043"]
[TimeControl "180+1"]
[EndTime "11:45:04 PDT"]
[Termination "Klavdia_Nik won on time"]

1. e4 g6 2. d4 Bg7 3. Nc3 c5 4. Be3 Qa5 5. Qd2 Nf6 6. f3 cxd4 7. Bxd4 d6 8. a3 Nc6 9. Bb5 O-O 10. Bxc6 bxc6 11.
Nge2 c5 12. Be3 Re8 13. O-O Ba6 14. Rf2 Qc7 15. Bh6 Bh8 16. Rd1 Rab8 17. b3 Qa5 18. a4 Bxe2 19. Nxe2 Qxd2 20. Rxd2 c4 21. bxc4 Rec8 22. Be3 Rb4 23. Bxa7 Rxa4 24. Be3 Raxc4 25. c3 Nd7 26. Bd4 Be5 27. f4 Bf6 28. g3 Kg7 29. Kg2 h5 30. h3 e5 31. fxe5 dxe5 32. Be3 Nc5 33. Rd5 Nxe4 34. Rf3 Nxc3 35. Nxc3 Rxc3 0-1

[Event "*** Titled Tuesday Blitz"]
[Site "Chess.com"]
[Date "2021.04.20"]
[Round "9"]
[White "elextranjero00"]
[Black "eCztery"]
[Result "1-0"]
[WhiteElo "2573"]
[BlackElo "2410"]
[TimeControl "180+1"]
[EndTime "11:45:05 PDT"]
[Termination "elextranjero00 won on time"]

1. d4 Nf6 2. Nf3 e6 3. c4 d5 4. Nc3 Bb4 5. Bg5 Nbd7 6. e3 c5 7. cxd5 exd5 8. Bd3 Qa5 9. Qc2 c4 10. Bf5 O-O 11. O-O Bxc3 12. bxc3 Re8 13. Nd2 g6 14. Bh3 Kg7 15. Rae1 h6 16. Bf4 g5 17. Bxd7 Bxd7 18. Be5 Qa4 19. Qc1 Qxa2 20. e4 Bc6 21. f4 g4 22. Rf2 Qa6 23. Nf1 Rxe5 24. fxe5 Nxe4 25. Rxe4 dxe4 26. Ng3 Bd5 27. Nh5+ Kg8 28. Nf6+ Kg7 29. Nxd5 Qg6 30. Nf4 Qf5 31. Qe3 a5 32. h3 a4 33. Qg3 a3 34. Ra2 e3 35.
Kh2 1-0

[Event "*** Titled Tuesday Blitz"]
[Site "Chess.com"]
[Date "2021.04.20"]
[Round "9"]
[White "UKR_Master"]
[Black "SirStrateg"]
[Result "0-1"]
[WhiteElo "2482"]
[BlackElo "2620"]
[TimeControl "180+1"]
[EndTime "11:45:06 PDT"]
[Termination "SirStrateg won by resignation"]

1. e4 d6 2. d4 Nf6 3. Nc3 c6 4. g3 Nbd7 5. Bg2 e5 6. Nge2 Be7 7.
O-O b5 8. a4 b4 9. Nb1 a5 10. c3 O-O 11. h3 Ba6 12. Re1 c5 13. d5 Ne8 14. Nd2 Nb6 15. Qc2 Bg5 16. f4 exf4 17. Nxf4 Nc4 18. Nxc4 Bxc4 19. Bf1 Bxf1 20. Rxf1 Nf6 21. c4 Qe7 22. Re1 Rae8 23. e5 dxe5 24. Nd3 Bxc1 25. Qxc1 Nd7 26. Qe3 e4 27. Nf4 Qe5 28.
b3 g5 29. Ne2 h6 30. Rf1 f5 31. Rae1 Kg7 32. Rf2 Kg6 33. Ref1 Rf6 34. Rg2 Ref8 35. Nf4+ Kh7 36. Ne6 Rxe6 37. dxe6 Qxe6 38. Rd1 Ne5 39.
Qxc5 Nf3+ 40. Kh1 Rf7 41. Re1 f4 42. Ree2 Qxh3+ 43. Rh2 Qf1+ 0-1

[Event "*** Titled Tuesday Blitz"]
[Site "Chess.com"]
[Date "2021.04.20"]
[Round "9"]
[White "RD4ever"]
[Black "champ2005"]
[Result "1-0"]
[WhiteElo "2882"]
[BlackElo "2983"]
[TimeControl "180+1"]
[EndTime "11:45:07 PDT"]
[Termination "RD4ever won by resignation"]

1. d4 d5 2. c4 c6 3. Nf3 Nf6 4. Nc3 dxc4 5. e4 b5 6. Be2 e6 7. O-O a5 8. e5 Nd5 9. Ne4 a4 10. a3 Bb7 11. Nfg5 h6 12. Nxf7 Kxf7 13. Bh5+ g6 14.
Bg4 Bc8 15. Qf3+ Kg7 16. Qg3 Be7 17. Bh5 Qe8 18. f4 Kh7 19. Bd1 Rf8 20. Bc2 b4 21. Qh3 h5 22. g4 b3 23. Bb1 Kg7 24. gxh5 Rh8 25. Ng3 gxh5 26. f5 exf5 27. Bxf5 Nd7 28.
Kh1 Nf8 29. Rg1 Kf7 30. Qf1 Bxf5 31. Qxf5+ Bf6 32. Ne4 Qe6 33. Ng5+ Ke7 34. Nxe6 Nxe6 35. exf6+ Nxf6 36. Bg5 Nxg5 37. Rae1+ Kf7 38. Qxg5 Rhg8 39. Qf5 Rxg1+ 40. Rxg1 c3 41. Qg6+ Ke7 42. Re1+ 1-0

[Event "*** Titled Tuesday Blitz"]
[Site "Chess.com"]
[Date "2021.04.20"]
[Round "9"]
[White "stepakyedael"]
[Black "leopato"]
[Result "1-0"]
[WhiteElo "2237"]
[BlackElo "2117"]
[TimeControl "180+1"]
[EndTime "11:45:07 PDT"]
[Termination "stepakyedael won on time"]

1. d4 c6 2. c4 d5 3. e3 Nf6 4.
Nf3 Bg4 5. Nc3 e6 6. Qb3 Qb6 7. c5 Qc7 8. Ne5 Bf5 9. a4 b6 10. cxb6 axb6 11. Bd2 Bd6 12. Rc1 O-O 13. Nb5 Qe7 14.
Nxd6 Qxd6 15. Bb4 c5 16. Ba3 Rc8 17. f4 Nbd7 18. Bb5 Nf8 19. O-O Ne4 20. Qd1 f6 21.
Nd3 Nd7 22. g4 Bg6 23. f5 exf5 24. gxf5 Be8 25. Nf4 Kh8 26. Qg4 Nf8 27. Nh5 Ra7 28.
Bxe8 Rxe8 29. Rf3 Ng5 30. Rg3 Re4 31. Nf4 Qe7 32. h4 Rxe3 33. hxg5 Re1+ 34. Rxe1 Qxe1+ 35. Kh2 fxg5 36. Qxg5 Re7 37. dxc5 bxc5 38. Bxc5 Qd2+ 39.
Rg2 Qe1 40. Bxe7 Qe5 41. Bxf8 1-0

[Event "*** Titled Tuesday Blitz"]
[Site "Chess.com"]
[Date "2021.04.20"]
[Round "9"]
[White "c_r_e_e_p_e_r"]
[Black "AlexPapasimakopoulos"]
[Result "1-0"]
[WhiteElo "2400"]
[BlackElo "2595"]
[TimeControl "180+1"]
[EndTime "11:45:08 PDT"]
[Termination "c_r_e_e_p_e_r won by checkmate"]

1. e4 e6 2. d4 d5 3. e5 b6 4. c3 Qd7 5. f4 Nh6 6. Nf3 Be7 7. Be3 Ba6 8. Bxa6 Nxa6 9. O-O c5 10. Kh1 Nf5 11. Bg1 h5 12. g3 Rc8 13. Qe2 Nb8 14.
a3 Qb7 15. b4 Qa6 16. b5 Qa4 17. Nbd2 a6 18. c4 dxc4 19. Nxc4 Nd7 20. d5 axb5 21. Nd6+ Bxd6 22. dxe6 fxe6 23. exd6 Qc4 24. Qb2 O-O 25. Rac1 Qe4 26. Rce1 Qd5 27. Rd1 Qc6 28. Qe2 Rce8 29. Bf2 Nf6 30. Kg1 Nd5 31. Ne5 Qxd6 32. Qxh5 c4 33.
Ng6 Rf6 34. Qh8+ Kf7 35. Ne5+ Qxe5 36. Qh5+ Ke7 37. fxe5 Rh6 38. Qg5+ Kd7 39. Rxd5+ exd5 40. Qxf5+ Rhe6 41. Bd4 Kc6 42. Rb1 R6e7 43. a4 b4 44. Rxb4 Rb7 45. Qg6+ Kd7 46. Qd6+ Kc8 47. Qc6+ Rc7 48.
Qxe8+ Kb7 49. Rxb6+ Ka7 50. Qb8# 1-0

[Event "*** Titled Tuesday Blitz"]
[Site "Chess.com"]
[Date "2021.04.20"]
[Round "9"]
[White "Ajedrez_con_German"]
[Black "VMikhalevski"]
[Result "0-1"]
[WhiteElo "2528"]
[BlackElo "2728"]
[TimeControl "180+1"]
[EndTime "11:45:09 PDT"]
[Termination "VMikhalevski won on time"]

1. Nf3 d5 2. e3 c5 3. Bb5+ Bd7 4. Qe2 Nc6 5. O-O Nf6 6. d3 Qc7 7. b3 a6 8. Bxc6 Bxc6 9. Bb2 Nd7 10. Nbd2 e5 11. e4 d4 12. a4 b6 13. Nh4 g6 14.
g3 Be7 15. Ng2 O-O 16. f4 f5 17. fxe5 Nxe5 18. exf5 gxf5 19. Rae1 Bd6 20. Qh5 Qd7 21.
Nh4 Bc7 22. Nxf5 Rae8 23. Ne4 Kh8 24. Bc1 Ng6 25. Bh6 Rf7 26. Nh4 Rxf1+ 27. Rxf1 Bxe4 28. dxe4 Nxh4 29. Qxh4 Qe6 30. Re1 Be5 31. Bf4 Bf6 32.
Bg5 Bg7 33. Bf4 Qg6 34. e5 Qxc2 35. Qh5 Re6 36. Qf7 Qxb3 37. Rf1 h6 38. Bg5 hxg5 39.
Qh5+ Rh6 40. Qe8+ Kh7 0-1